 Dungeon Crawl Stone Soup version 0.22.1-6-g1668fe2 (webtiles) character file.

678262 Flaz the Ninja (level 27, 0/158 HPs)
             Began as a Vampire Fighter on Jan 22, 2019.
             Was the Champion of Makhleb.
             Slain by a large abomination (23 damage)
             ... while paralysed by accursed screaming
             ... on level 5 of the Abyss on Jan 27, 2019.
             The game lasted 21:50:26 (120249 turns).

Flaz the Ninja (Vampire Fighter)                  Turns: 120249, Time: 21:50:27

Health: 0/158      AC: 34    Str: 23 (24) XL:     27
Magic:  22/22      EV:  2    Int:  3 (4)  God:    Makhleb [******]
Gold:   2924       SH:  0    Dex: 22      Spells: 26/26 levels left

rFire    + + .     SeeInvis +   T - +9 double sword (protect)
rCold    + + .     Gourm    .   P - +1 shield {reflect}
rNeg     + + +     Faith    .   O - +10 shadow dragon scales
rPois    ∞         Spirit   .   m - +1 helmet of Vucai {Str+4}
rElec    +         Reflect  +   B - +2 cloak {MR+}
rCorr    +         Harm     .   Q - +2 pair of gloves of the Townfolk {+Fly rPois Regen+ Int-2}
MR       ++++.     Rnd*Tele +   U - +2 pair of boots {Stlth+}
Stlth    ++++++++++             y - brooch of Shielding {Reflect SH+8}
HPRegen  0.00/turn              Y - ring "Oqid" {+Fly rElec rF+ MR+}
MPRegen  0.18/turn              i - ring of Qeekhaqi {rCorr *Corrode rElec Int-2 Dex+8}

@: paralysed, about to teleport, corroded, protection aura, bloodless,
non-regenerating, slowed
A: fangs 3, repulsion field 1, see invisible, clumsy 1, [deformed body],
[deterioration 2], [dopey 2], fire resistance 1, frail 1[+2], [low mp 2],
screaming 1, [teleportitis 2], [weak 2], unbreathing, subdued magic 2
}: 3/15 runes: barnacled, silver, gossamer
a: Bat Form, Minor Destruction, Lesser Servant of Makhleb, Major Destruction,
Greater Servant of Makhleb, Renounce Religion, Evoke Flight


You were on level 5 of the Abyss.
You worshipped Makhleb.
Makhleb was exalted by your worship.
You were bloodless.

You visited 12 branches of the dungeon, and saw 55 of its levels.
You visited the Abyss 2 times.
You also visited: Bailey and Ice Cave.

You collected 11271 gold pieces.
You spent 8347 gold pieces at shops.

Inventory:

Hand Weapons
 o - a +6 vampiric dagger
 q - a +2 blowgun
 v - the +8 dagger of Outrage {distort, +Rage Str+8 Dex+3}
   (Okawaru gifted it to you on level 2 of the Depths)

   It warps and distorts space around it.
   Unwielding it can cause banishment or high damage.
   It affects your strength (+8).
   It affects your dexterity (+3).
   It lets you go berserk.
 T - a +9 double sword of protection (weapon)
 W - the +7 scimitar "Izigip" {slice, Str+4, unknown}
   (You found it on level 5 of the Abyss)

   It inflicts extra damage upon your enemies.
   It affects your strength (+4).
Missiles
 a - 29 javelins of penetration
 l - 14 javelins of returning
 r - 10 curare-tipped needles
 w - 4 poisoned javelins
 F - 9 needles of paralysis
 N - 32 javelins (quivered)
 V - 10 needles of sleeping
 Z - 4 throwing nets
Armour
 c - the +8 orange crystal plate armour {Archmagi, Int+3 Clar}
   (You bought it in a shop on level 1 of the Orcish Mines)

   It affects your intelligence (+3).
   It protects you against confusion.
 m - the +1 helmet of Vucai (worn) {Str+4}
   (Okawaru gifted it to you on level 2 of the Shoals)

   It affects your strength (+4).
 x - a scarf of spirit shield
 B - a +2 cloak of magic resistance (worn)
 I - a scarf of resistance
 O - +10 shadow dragon scales (worn)
 P - a +1 shield of reflection (worn)
 Q - the +2 pair of gloves of the Townfolk (worn) {+Fly rPois Regen+ Int-2}
   (Okawaru gifted it to you on level 2 of the Vaults)

   It affects your intelligence (-2).
   It protects you from poison.
   It lets you fly.
   It increases your rate of regeneration.
 U - a +2 pair of boots of stealth (worn)
Jewellery
 i - the ring of Qeekhaqi (right hand) {rCorr *Corrode rElec Int-2 Dex+8}
   (You found it on level 8 of the Dungeon)

   [ring of resist corrosion]

   It affects your intelligence (-2).
   It affects your dexterity (+8).
   It insulates you from electricity.
   It may corrode you when you take damage.
 y - the brooch of Shielding (around neck) {Reflect SH+8}
   (You found it on level 3 of the Elven Halls)

   [amulet of reflection]

   It shields you and reflects attacks.
   It affects your SH (+8).
 J - the ring "Calaa" {rCorr +Inv rPois rF- Int+6}
   (You took it off a boggart on level 2 of the Depths)

   [ring of resist corrosion]

   It affects your intelligence (+6).
   It makes you vulnerable to fire.
   It protects you from poison.
   It lets you turn invisible.
 S - an uncursed amulet of faith
 Y - the ring "Oqid" (left hand) {+Fly rElec rF+ MR+}
   (You bought it in a shop on level 3 of the Elven Halls)

   [ring of protection from magic]

   It protects you from fire.
   It insulates you from electricity.
   It affects your resistance to hostile enchantments.
   It lets you fly.
Wands
 j - a wand of paralysis (61)
 p - a wand of acid (56)
 t - a wand of iceblast (19)
 z - a wand of disintegration (28)
 G - a wand of scattershot (3)
 H - a wand of digging (39)
Scrolls
 f - 7 scrolls of teleportation
 g - 8 scrolls of immolation
 k - 12 scrolls of fog
 s - 2 scrolls of blinking
 A - 3 scrolls of silence
 C - 16 scrolls of remove curse
 D - 5 scrolls of torment
 K - 6 scrolls of magic mapping
 L - 14 scrolls of fear
 M - a scroll of enchant armour
 X - 23 scrolls of identify
Potions
 b - 3 potions of heal wounds
 d - 9 potions of might
 e - 19 potions of blood
 h - 18 potions of curing
 n - 10 potions of lignification
 u - 3 potions of haste
 E - 2 potions of cancellation
 R - 6 potions of resistance


   Skills:
 * Level 20.6 Fighting
 - Level 14.0(16.6) Short Blades
 - Level 14.1(16.0) Long Blades
   Level 0.1(0.9) Axes
   Level 1.3(1.4) Maces & Flails
 - Level 11.0 Throwing
 - Level 15.0 Armour
 - Level 15.0 Dodging
 O Level 27 Stealth
 - Level 25.0 Shields
 - Level 6.0 Invocations
 - Level 6.0 Evocations


You had 26 spell levels left.
You didn't know any spells.
Your spell library contained the following spells:

 Spells                   Type           Power        Failure   Level  Hunger
 Animate Skeleton         Necr           N/A          92%         1    ##.....
 Apportation              Tloc           #.....       92%         1    ##.....
 Confusing Touch          Hex            #.....       92%         1    ##.....
 Corona                   Hex            #......      92%         1    ##.....
 Flame Tongue             Conj/Fire      #....        92%         1    ##.....
 Freeze                   Ice            #...         92%         1    ##.....
 Infusion                 Chrm           #...         92%         1    ##.....
 Magic Dart               Conj           #...         92%         1    ##.....
 Pain                     Necr           #...         92%         1    ##.....
 Sandblast                Erth           #.....       92%         1    ##.....
 Sting                    Conj/Pois      #...         92%         1    ##.....
 Summon Butterflies       Summ           #.......     92%         1    ##.....
 Summon Small Mammal      Summ           #...         92%         1    ##.....
 Blink                    Tloc           N/A          98%         2    ###....
 Call Imp                 Summ           #.......     98%         2    ###....
 Corpse Rot               Necr           N/A          98%         2    ###....
 Ensorcelled Hibernation  Hex/Ice        #.....       98%         2    ###....
 Passwall                 Tmut/Erth      #.......     98%         2    ###....
 Poisonous Vapours        Pois/Air       #.....       98%         2    ###....
 Shroud of Golubria       Chrm/Tloc      #.........   98%         2    ###....
 Slow                     Hex            #.......     98%         2    ###....
 Song of Slaying          Chrm           #.......     98%         2    ###....
 Sticks to Snakes         Tmut           #.......     98%         2    ###....
 Sublimation of Blood     Necr           #.........   98%         2    ###....
 Swiftness                Chrm/Air       #.......     98%         2    ###....
 Throw Flame              Conj/Fire      #.....       98%         2    ###....
 Throw Frost              Conj/Ice       #.....       98%         2    ###....
 Call Canine Familiar     Summ           #.......     100%        3    ####...
 Confuse                  Hex            #.......     100%        3    ####...
 Conjure Flame            Conj/Fire      #.......     100%        3    ####...
 Dazzling Spray           Conj/Hex       #.....       100%        3    ####...
 Gell's Gravitas          Tloc           #.........   100%        3    ####...
 Ignite Poison            Fire/Tmut/Pois #.......     100%        3    ####...
 Inner Flame              Hex/Fire       #.......     100%        3    ####...
 Mephitic Cloud           Conj/Pois/Air  #.......     100%        3    ####...
 Ozocubu's Armour         Chrm/Ice       #.......     100%        3    ####...
 Portal Projectile        Hex/Tloc       #.....       100%        3    ####...
 Recall                   Summ/Tloc      N/A          100%        3    ####...
 Regeneration             Chrm/Necr      #.........   100%        3    ####...
 Spectral Weapon          Hex/Chrm       #.......     100%        3    ####...
 Spider Form              Tmut/Pois      #.........   100%        3    ####...
 Static Discharge         Conj/Air       #.......     100%        3    ####...
 Stone Arrow              Conj/Erth      #.....       100%        3    ####...
 Tukima's Dance           Hex            #.......     100%        3    ####...
 Vampiric Draining        Necr           #.........   100%        3    ####...
 Animate Dead             Necr           N/A          100%        4    #####..
 Cause Fear               Hex            #.........   100%        4    #####..
 Ice Form                 Ice/Tmut       #.......     100%        4    #####..
 Leda's Liquefaction      Hex/Erth       #.........   100%        4    #####..
 Olgreb's Toxic Radiance  Pois           #.......     100%        4    #####..
 Passage of Golubria      Tloc           N/A          100%        4    #####..
 Petrify                  Tmut/Erth      #.......     100%        4    #####..
 Sticky Flame             Conj/Fire      #.......     100%        4    #####..
 Summon Ice Beast         Ice/Summ       #.......     100%        4    #####..
 Throw Icicle             Conj/Ice       #.......     100%        4    #####..
 Agony                    Necr           #.......     100%        5    ######.
 Alistair's Intoxication  Tmut/Pois      #.......     100%        5    ######.
 Aura of Abjuration       Summ           #.........   100%        5    ######.
 Blade Hands              Tmut           #.........   100%        5    ######.
 Bolt of Draining         Conj/Necr      #.........   100%        5    ######.
 Bolt of Magma            Conj/Fire/Erth #.........   100%        5    ######.
 Borgnjor's Vile Clutch   Necr/Erth      #.........   100%        5    ######.
 Dispel Undead            Necr           #.......     100%        5    ######.
 Excruciating Wounds      Chrm/Necr      #.........   100%        5    ######.
 Fireball                 Conj/Fire      #.........   100%        5    ######.
 Irradiate                Conj/Tmut      #.........   100%        5    ######.
 Lee's Rapid Deconstruct  Erth           #.........   100%        5    ######.
 Lightning Bolt           Conj/Air       #.........   100%        5    ######.
 Metabolic Englaciation   Hex/Ice        #.........   100%        5    ######.
 Silence                  Hex/Air        #.........   100%        5    ######.
 Summon Demon             Summ           #.........   100%        5    ######.
 Summon Forest            Summ/Tloc      #.........   100%        5    ######.
 Summon Mana Viper        Hex/Summ       #.......     100%        5    ######.
 Venom Bolt               Conj/Pois      #.........   100%        5    ######.
 Yara's Violent Unravell  Hex/Tmut       #.........   100%        5    ######.
 Bolt of Cold             Conj/Ice       #.........   100%        6    #######
 Bolt of Fire             Conj/Fire      #.........   100%        6    #######
 Darkness                 Hex            #.........   100%        6    #######
 Death Channel            Necr           #.........   100%        6    #######
 Deflect Missiles         Chrm/Air       #.........   100%        6    #######
 Freezing Cloud           Conj/Ice/Air   #.........   100%        6    #######
 Invisibility             Hex            #.......     100%        6    #######
 Iron Shot                Conj/Erth      #.........   100%        6    #######
 Poison Arrow             Conj/Pois      #.........   100%        6    #######
 Shadow Creatures         Summ           N/A          100%        6    #######
 Simulacrum               Ice/Necr       #.........   100%        6    #######
 Statue Form              Tmut/Erth      #........    100%        6    #######
 Malign Gateway           Summ/Tloc      #.........   100%        7    #######
 Monstrous Menagerie      Summ           #.........   100%        7    #######
 Ring of Flames           Chrm/Fire      #.........   100%        7    #######
 Summon Greater Demon     Summ           #.........   100%        7    #######
 Summon Hydra             Summ           #.........   100%        7    #######
 Chain Lightning          Conj/Air       #.........   100%        8    #######
 Discord                  Hex            #.........   100%        8    #######
 Ignition                 Fire           #.........   100%        8    #######
 Lehudib's Crystal Spear  Conj/Erth      #.........   100%        8    #######
 Summon Horrible Things   Summ           #.........   100%        8    #######
 Fire Storm               Conj/Fire      #.........   100%        9    #######
 Glaciate                 Conj/Ice       #.........   100%        9    #######
 Shatter                  Erth           #.........   100%        9    #######
 Tornado                  Air            #.........   100%        9    #######


Dungeon Overview and Level Annotations

Branches:
Dungeon (15/15)            Temple (1/1) D:6            Lair (6/6) D:9
 Shoals (4/4) Lair:2       Spider (4/4) Lair:3        Slime (5/5) Lair:6
    Orc (2/2) D:10            Elf (3/3) Orc:2        Vaults (5/5) D:14
  Crypt (3/3) Vaults:3       Tomb (3/3) Crypt:3      Depths (4/5) D:15

Altars:
Ashenzari
Cheibriados
Dithmenos
Elyvilon
Fedhas
Gozag
Hepliaklqana
Kikubaaqudgha
Makhleb
Nemelex Xobeh
Okawaru
Qazlal
Ru
Sif Muna
Trog
Uskayaw
Vehumet
Wu Jian
Xom
Yredelemnul
Zin
The Shining One
Beogh
Jiyva
Lugonu

Shops:
D:4 }   D:5 }   D:8 ?   Orc:1 [   Orc:2 [!(}   Elf:3 }=}*   Shoals:1 !
Vaults:4 ?   Depths:1 *[*   Depths:2 ![}   Depths:3 *

Portals:
Hell: Depths:1 Depths:2 Depths:3
Abyss: Depths:1 Depths:4
Pandemonium: Depths:3
Trove: Elf:2 (give 8 potions of haste)

Annotations:
Spider:2 Louise
Slime:5 Royal Jelly
Vaults:3 3 runed doors, Useang's ghost, adept GrFi
Vaults:4 exclusion: downstairs
Tomb:2 exclusion: 2 downstairs


Innate Abilities, Weirdness & Mutations

You do not heal naturally.
You are immune to poison.
You have razor-sharp teeth.
You have supernaturally acute eyesight. (SInv)
You can survive without breathing.
You are surrounded by a mild repulsion field. (EV +2)
You are clumsy. (Dex -2)
Your flesh is heat resistant. (rF+)
You occasionally shout uncontrollably at your foes.
Your spells are easier to cast, but less powerful.
[Armour fits poorly on your strangely shaped body.]
[Your body often deteriorates upon taking damage.]
[You are very dopey. (Int -4)]
[You are extremely frail. (-30% HP)]
[Your magical capacity is very low. (-20% MP)]
[You are sometimes teleported next to monsters.]
[You are very weak. (Str -4)]


Message History

Something tries to feed on your intellect!
A cacophony of accursed wailing tears at your sanity!
* * * LOW HITPOINT WARNING * * *
You suddenly lose the ability to move!
The naga hits you but does no damage. The naga constricts you.
The starcursed mass engulfs you but does no damage.
The large abomination hits you but does no damage.
The raiju bites you but does no damage. The freezing wraith hits you.
* * * LOW HITPOINT WARNING * * *
The freezing wraith freezes you. You resist.
* * * LOW HITPOINT WARNING * * *
The freezing wraith hits you but does no damage.
The naga loses its grip on you.
A starcursed mass splits.
The spiny frog disappears in a puff of smoke!
The spatial maelstrom hits you but does no damage. x2
The starcursed mass engulfs you but does no damage.
The raiju bites you but does no damage.
The freezing wraith hits you but does no damage. x2
The large abomination hits you!!
You die... ..) #..# ## .#..##..' #∩'. . ..#.§..# .'## ##..Y44h #'.## . #.§hXX###h'.'# . .. ##.
GX#NXhh.v#÷

#
..XX##XhX#G.....
..h#Xhv@#XX...#.
###X#*XW#3[#.#.
#. #XXx.4* ....
. .
#.XXX#..#..#.. .
#...h8#..#..$##
. ...###..##.
..# .... ###. ..
. ##. ...#. ..


You could see 14 starcursed masses, a spatial maelstrom, a wretched star, a
crystal guardian, a glowing orange brain, an ancient zyme, a large abomination,
a freezing wraith, 3 raiju, 2 chaos spawn, 4 hell hounds, a naga and a lurking
horror.

Vanquished Creatures
  Khufu (Tomb:1)
  2 ancient liches
  2 juggernauts
  23 greater mummies
  Saint Roka (Depths:3)
  A curse toe (Crypt:3)
  2 golden dragons
  Arachne (Spider:4)
  Nikola (Shoals:4)
  5 bone dragons
  14 liches
  An Ice Fiend (IceCv)
  6 tentacled monstrosities
  Rupert (Lair:5)
  Asterion (Vaults:2)
  16 titans
  5 Executioners (Abyss:5)
  15 tentacled starspawn
  7 deep elf blademasters
  5 deep elf master archers
  9 ancient champions
  2 krakens
  Polyphemus (Shoals:2)
  Gastronok (Orc:1)
  18 acid blobs
  9 sphinxes
  Agnes (Spider:4)
  4 storm dragons
  8 shadow dragons
  5 azure jellies
  8 tengu reavers
  Ilsuiw (Shoals:4)
  A draconian monk (Abyss:5)
  17 fire giants
  3 revenants
  21 frost giants
  2 balrugs
  9 deep elf sorcerers
  6 ghost moths
  An iron dragon (Vaults:5)
  14 vault wardens
  An orc warlord (Orc:1)
  2 curse skulls (Crypt:3)
  12 ghouls
  6 deep elf elementalists
  19 very ugly things
  A cacodemon (Abyss:5)
  7 emperor scorpions
  The ghost of Oliagre the Nimble, a journeyman HaHu of Okawaru (D:15)
  An angel (Abyss:4)
  16 ironheart preservers
  A draconian annihilator (Abyss:5)
  2 war gargoyles (Vaults:5)
  4 reapers
  24 stone giants
  5 entropy weavers
  A black draconian (Abyss:5)
  11 vampire knights
  10 deep elf demonologists
  2 bennus (Tomb:2)
  3 purple draconians
  8 deep elf annihilators
  3 green draconians
  A lorocyproca (Abyss:5)
  2 dire elephants
  3 spark wasps
  A blizzard demon (Abyss:5)
  6 merfolk javelineers
  Snorg (D:14)
  2 green deaths (Abyss:5)
  3 eidola
  14 mummy priests
  11 ettins
  13 great orbs of eyes
  20 small abominations
  5 fire dragons
  7 deep elf death magi
  9 deep elf high priests
  4 merfolk impalers
  10 jiangshi
  31 vault guards
  15 yaktaur captains
  5 rakshasas
  Erolcha (D:13)
  11 ice dragons
  21 ogre magi
  Fannar (Orc:1)
  4 merfolk avatars
  A spriggan air mage (Depths:2)
  2 catoblepae
  10 centaur warriors
  5 death knights
  2 naga warriors (Abyss:5)
  6 hydras
  64 two-headed ogres
  27 dancing weapons
  11 merfolk aquamancers
  7 satyrs
  A hell hog (Abyss:5)
  A queen ant (Lair:6)
  19 death scarabs
  3 deep troll shamans
  7 death yaks
  6 tengu warriors
  11 thrashing horrors
  5 spriggan berserkers (Elf:3)
  3 deep troll earth magi
  12 wretched stars
  9 vampire magi
  2 titan zombies (Crypt:3)
  4 sun demons
  Nergalle (Lair:3)
  2 orc high priests
  A hell knight (Depths:3)
  A titan skeleton (Crypt:1)
  3 soul eaters
  19 deep elf knights
  26 skeletal warriors
  4 shadow wraiths (Abyss:5)
  7 deep trolls
  An iron troll (Depths:1)
  4 unseen horrors
  8 glowing orange brains
  3 flayed ghosts
  An iron troll (shapeshifter) (Vaults:4)
  26 sea snakes
  A death drake (Abyss:5)
  An anaconda zombie (Tomb:1)
  6 spatial maelstroms
  16 deep elf archers
  A golden dragon zombie (Abyss:5)
  A lindwurm (shapeshifter) (Depths:3)
  3 wizards
  17 phantasmal warriors
  An iron giant skeleton (Crypt:1)
  8 necromancers
  2 wolf spider zombies
  54 deep elf magi
  18 orc sorcerers
  An anaconda skeleton (Abyss:5)
  23 harpies
  13 ironbrand convokers
  A salamander (Abyss:5)
  2 fire giant zombies
  15 orc knights
  A stone giant zombie (Crypt:1)
  5 oklob plants (Lair:2)
  38 wolf spiders
  2 frost giant zombies
  34 large abominations
  15 fauns
  3 worldbinders (Abyss:5)
  20 orb spiders
  4 shining eyes
  10 cyclopes
  A shadow dragon skeleton (Tomb:1)
  3 human zombies
  46 ugly things
  13 manticores
  A sphinx skeleton (Vaults:3)
  3 moths of wrath
  9 elephants
  A frost giant skeleton (Crypt:3)
  A fire giant skeleton (Crypt:2)
  2 stone giant skeletons
  3 guardian serpents (Abyss:5)
  4 eyes of devastation
  13 smoke demons
  7 merfolk sirens
  8 water nymphs
  12 vault sentinels
  3 ice statues (IceCv)
  2 apocalypse crabs
  5 black mambas
  A rust devil (Abyss:5)
  A naga mage (Abyss:5)
  15 spiny frogs
  A minotaur zombie (Crypt:3)
  5 orange demons
  A storm dragon simulacrum (Tomb:2)
  2 torpor snails
  A catoblepas zombie (Crypt:1)
  2 gargoyles
  2 emperor scorpion zombies
  5 rime drakes
  2 dire elephant skeletons
  A shock serpent skeleton (Tomb:2)
  A komodo dragon (shapeshifter) (Vaults:4)
  A sea snake zombie (Crypt:1)
  The ghost of Harpaggios the Changer, a novice MfTm of Hepliaklqana (D:6)
  47 yaktaurs
  A black draconian skeleton (Crypt:2)
  3 efreet
  2 anaconda simulacra (IceCv)
  10 freezing wraiths
  5 komodo dragons
  2 yaktaur skeletons
  A minotaur skeleton (Crypt:1)
  A ghost moth simulacrum (Abyss:5)
  A hellwing (Abyss:5)
  30 guardian mummies
  A tormentor (Abyss:5)
  A queen bee (Spider:4)
  A sea snake skeleton (Crypt:3)
  23 demonic crawlers
  8 ice devils
  3 red devils (Abyss:5)
  4 tengu conjurers
  A red draconian skeleton (Crypt:1)
  17 trolls
  22 merfolk
  A wind drake (shapeshifter) (Depths:1)
  12 ancient zymes
  3 meliai (Spider:4)
  3 polar bears (shapeshifter)
  A troll (shapeshifter) (Vaults:2)
  A jumping spider (shapeshifter) (Depths:2)
  3 polar bears
  17 hornets
  3 bog bodies
  44 jumping spiders
  2 wind drakes
  A sphinx simulacrum (Vaults:1)
  A tyrant leech (Abyss:5)
  15 blink frogs
  An alligator zombie (Crypt:1)
  A fire dragon zombie (Crypt:2)
  137 slime creatures
  An ettin zombie (Crypt:3)
  4 dream sheep
  A dream sheep (shapeshifter) (Vaults:1)
  36 raiju
  11 snapping turtles
  A snapping turtle (shapeshifter) (Depths:4)
  8 hippogriffs
  A frost giant simulacrum (Depths:1)
  18 flying skulls
  62 redbacks
  An ice dragon skeleton (Crypt:3)
  28 starcursed masses
  4 fire dragon skeletons
  A vampire (Abyss:4)
  10 ushabtiu
  5 shadows
  5 air elementals
  40 tarantellas
  2 wyverns
  A dire elephant simulacrum (IceCv)
  3 ynoxinuls
  2 fire elementals
  6 fire bats (Abyss:3)
  26 water elementals
  8 wraiths
  A basilisk (Lair:2)
  36 yaks
  A basilisk (shapeshifter) (Vaults:3)
  12 golden eyes
  2 neqoxecs (Abyss:5)
  14 chaos spawn
  2 steam dragons (D:11)
  3 hungry ghosts
  A catoblepas simulacrum (Crypt:1)
  Menkaure (D:7)
  3 harpy simulacra (IceCv)
  An emperor scorpion simulacrum (Abyss:5)
  4 vampire mosquitoes (D:13)
  16 soldier ants (Lair:6)
  4 acid dragons
  11 wargs
  3 nagas (Abyss:5)
  2 two-headed ogre zombies (D:13)
  3 spatial vortices (Abyss:4)
  A tengu zombie (Depths:1)
  18 water moccasins
  3 hydra simulacra (IceCv)
  12 porcupines
  5 hell hounds (Abyss:3)
  55 orc warriors
  5 black bears
  A monstrous demonspawn skeleton (Crypt:2)
  12 eyes of draining
  2 elf zombies
  A manticore zombie (Crypt:1)
  An ettin simulacrum (IceCv)
  2 ice beasts
  5 sky beasts
  A black bear (shapeshifter) (Elf:3)
  A spiny frog skeleton (Tomb:2)
  60 ogres
  3 phantoms
  7 necrophages
  8 wolves
  A dream sheep zombie (Crypt:1)
  26 centaurs
  A swamp dragon zombie (Tomb:1)
  An elephant skeleton (Crypt:1)
  A blink frog zombie (Crypt:2)
  22 boggarts
  A snapping turtle skeleton (Tomb:2)
  A torpor snail zombie (Crypt:1)
  13 crocodiles
  4 big kobolds
  12 bullfrogs
  A rime drake skeleton (Crypt:3)
  A bullfrog (shapeshifter) (Vaults:3)
  A hippogriff skeleton (Crypt:2)
  5 earth elementals
  A gnoll sergeant (D:8)
  A komodo dragon skeleton (Crypt:2)
  A wyvern skeleton (D:9)
  8 scorpions
  16 wights
  20 killer bees
  A human simulacrum (Vaults:3)
  A raiju skeleton (Crypt:3)
  2 howler monkeys (D:4)
  5 electric eels
  15 crimson imps
  2 quasits
  7 hounds
  A jelly (D:11)
  A yaktaur simulacrum (Vaults:1)
  19 orc priests
  A bullfrog skeleton (D:5)
  4 centaur skeletons
  An iguana (D:7)
  2 human skeletons
  40 orc wizards
  25 worker ants
  A demigod skeleton (Crypt:2)
  A hound zombie (D:9)
  A hound skeleton (D:7)
  39 mummies
  4 worker ant zombies
  A howler monkey skeleton (D:4)
  4 gnolls (D:8)
  15 adders
  A steam dragon zombie (Crypt:1)
  5 shadow imps
  8 white imps
  2 adder skeletons
  3 worms
  A ball lightning (Abyss:5)
  3 dart slugs
  4 leopard geckos
  114 orcs
  8 giant cockroaches
  13 goblins
  12 hobgoblins
  7 jackals
  5 quokkas
  A ball python skeleton (D:6)
  A ball python zombie (Crypt:2)
  7 bats
  2 frilled lizards
  A goblin zombie (Crypt:3)
  2 jackal skeletons
  26 kobolds
  A leopard gecko skeleton (Crypt:3)
  A quokka skeleton (Crypt:3)
  A quokka zombie (Crypt:1)
  10 rats
  A bush (Shoals:3)
  3 crawling corpses
  A lurking horror (Abyss:4)
  3 plants
  6 starspawn tentacles
3034 creatures vanquished.

Vanquished Creatures (others)
  3 deep elf master archers
  A revenant (Tomb:2)
  A fire giant (Depths:2)
  A stone giant (Abyss:5)
  An entropy weaver (Abyss:4)
  A merfolk javelineer (Shoals:4)
  A blizzard demon (Abyss:5)
  A wizard (Depths:1)
  2 deep elf magi
  2 deep elf archers
  A cyclops (Shoals:3)
  A worldbinder (Abyss:5)
  3 fauns
  2 yaktaurs (Depths:1)
  A jumping spider (Spider:2)
  A merfolk (Shoals:3)
  A hornet (Abyss:5)
  2 raiju (Abyss:5)
  A fire dragon zombie (Depths:1)
  A golden eye (Abyss:5)
  A neqoxec (Abyss:5)
  A chaos spawn (Abyss:3)
  A large abomination (Abyss:3)
  A boggart (Depths:2)
  2 ogres
  An earth elemental (Elf:1)
  3 small abominations (Abyss:5)
  A killer bee (Spider:4)
  An orc wizard (Elf:1)
  An orc (Elf:1)
  19 fungi
  4 lurking horrors (Abyss:5)
  81 plants
  51 starspawn tentacles
196 creatures vanquished.

Grand Total: 3230 creatures vanquished

Notes
Turn   | Place    | Note
-------+----------+-------------------------------------------
     0 | D:1      | Flaz the Vampire Fighter began the quest for the Orb.
     0 | D:1      | Reached XP level 1. HP: 17/17 MP: 1/1
   155 | D:1      | Reached XP level 2. HP: 23/23 MP: 2/2
   279 | D:1      | Reached skill level 1 in Stealth
   390 | D:1      | Reached XP level 3. HP: 24/29 MP: 3/3
  1307 | D:2      | Reached skill level 1 in Dodging
  1307 | D:2      | Reached XP level 4. HP: 33/35 MP: 4/4
  1337 | D:2      | Reached skill level 2 in Stealth
  1632 | D:3      | Reached XP level 5. HP: 40/41 MP: 5/5
  2024 | D:3      | Reached skill level 1 in Throwing
  2331 | D:4      | Noticed an ogre
  2625 | D:4      | Reached XP level 6. HP: 42/47 MP: 6/6
  2686 | D:4      | Reached skill level 5 in Short Blades
  2686 | D:4      | Reached skill level 3 in Stealth
  2966 | D:4      | Found Biozakuo's Gadget Shoppe.
  3466 | D:4      | Reached XP level 7. HP: 51/52 MP: 7/7
  3537 | D:5      | Entered Level 5 of the Dungeon
  3630 | D:5      | Found Waegoblo's Gadget Boutique.
  4060 | D:5      | Found a shimmering altar of Xom.
  4833 | D:6      | Reached skill level 5 in Shields
  4833 | D:6      | Reached XP level 8. HP: 52/58 MP: 8/8
  4877 | D:6      | Found a staircase to the Ecumenical Temple.
  4909 | Temple   | Entered the Ecumenical Temple
  5148 | Temple   | Became a worshipper of Warmaster Okawaru
  5258 | D:6      | Reached skill level 4 in Stealth
  5672 | D:6      | You fall through a shaft for 3 floors!
  5672 | D:9      | Noticed a two-headed ogre
  5687 | D:8      | Found Haomu's Magic Scroll Boutique.
  5696 | D:8      | Bought a scroll of magic mapping for 56 gold pieces
  5696 | D:8      | Bought a scroll of blinking for 120 gold pieces
  5696 | D:8      | Bought a scroll of immolation for 56 gold pieces
  5721 | D:8      | Reached skill level 5 in Stealth
  5755 | D:8      | Got a warped lapis lazuli ring
  5884 | D:8      | Got an encrusted chain mail
  5990 | D:7      | Reached * piety under Okawaru
  6101 | D:7      | Found a stormy altar of Qazlal.
  6102 | D:7      | Noticed Menkaure
  6129 | D:7      | Killed Menkaure
  6129 | D:7      | Reached skill level 6 in Stealth
  6259 | D:6      | Reached XP level 9. HP: 57/63 MP: 9/9
  6339 | D:6      | Found an opulent altar of Gozag.
  6339 | D:6      | Found a runed door.
  6802 | D:6      | Noticed Harpaggios's ghost (novice MfTm)
  6831 | D:6      | Identified the cursed +1 chain mail "Tehid" {MR+} (You
                  | found it on level 8 of the Dungeon)
  6831 | D:6      | Identified the ring of Qeekhaqi {rCorr *Corrode rElec Int-2
                  | Dex+8} (You found it on level 8 of the Dungeon)
  6968 | D:7      | Reached ** piety under Okawaru
  7261 | D:7      | Reached skill level 7 in Stealth
  7767 | D:8      | Reached skill level 5 in Dodging
  8004 | D:9      | Found a staircase to the Lair.
  8013 | Lair:1   | Entered Level 1 of the Lair of Beasts
  8508 | D:9      | Noticed a troll
  8685 | D:9      | Reached skill level 8 in Stealth
  8858 | D:9      | Reached skill level 10 in Short Blades
  8871 | D:9      | Reached *** piety under Okawaru
  9087 | D:10     | Entered Level 10 of the Dungeon
  9158 | D:10     | Found a flagged portal.
  9183 | Bailey   | Entered a bailey
  9325 | Bailey   | Reached XP level 10. HP: 70/70 MP: 8/10
  9363 | Bailey   | Noticed an orc knight
  9411 | Bailey   | Received a gift from Okawaru
  9442 | Bailey   | Killed an orc knight
  9497 | Bailey   | Found an iron altar of Okawaru.
  9988 | D:9      | Killed a two-headed ogre
  9988 | D:9      | Reached **** piety under Okawaru
  9988 | D:9      | Reached skill level 9 in Stealth
 10833 | D:10     | Noticed a two-headed ogre
 10888 | D:10     | Killed a two-headed ogre
 10888 | D:10     | Reached ***** piety under Okawaru
 10888 | D:10     | Reached skill level 10 in Stealth
 10949 | D:10     | Received a gift from Okawaru
 11187 | D:10     | Received a gift from Okawaru
 11219 | D:10     | Found a staircase to the Orcish Mines.
 11471 | D:10     | Reached XP level 11. HP: 75/75 MP: 11/11
 11707 | D:10     | Noticed a two-headed ogre
 11804 | D:10     | Killed a two-headed ogre
 11804 | D:10     | Reached skill level 5 in Throwing
 11977 | D:10     | Noticed a two-headed ogre
 12006 | D:10     | Killed a two-headed ogre
 12006 | D:10     | Reached skill level 11 in Stealth
 12291 | Lair:1   | Noticed a seven-headed hydra
 12441 | Lair:1   | Received a gift from Okawaru
 12486 | Lair:1   | Found a burning altar of Makhleb.
 12583 | Lair:2   | Noticed an oklob plant
 13263 | Lair:1   | Reached skill level 12 in Stealth
 13546 | Lair:2   | Reached skill level 1 in Evocations
 13637 | Lair:2   | Noticed an oklob plant
 14392 | Lair:2   | Reached skill level 5 in Fighting
 14748 | Lair:2   | Reached XP level 12. HP: 57/86 MP: 12/12
 15506 | Lair:2   | Found a staircase to the Shoals.
 15515 | Shoals:1 | Entered Level 1 of the Shoals
 16524 | Lair:3   | Noticed Nergalle
 16524 | Lair:3   | Noticed a death yak
 16573 | Lair:3   | Found a hole to the Spider Nest.
 16595 | Lair:3   | Noticed a death yak
 16597 | Lair:3   | Noticed a death yak
 16598 | Lair:3   | Noticed a death yak
 16598 | Lair:3   | Noticed a death yak
 16692 | Lair:3   | Killed Nergalle
 16692 | Lair:3   | Received a gift from Okawaru
 17297 | Lair:3   | Killed a death yak
 17297 | Lair:3   | Reached skill level 13 in Stealth
 17639 | Lair:3   | Killed a death yak
 18054 | Lair:3   | Killed a death yak
 18343 | Lair:3   | Killed a death yak
 18343 | Lair:3   | Reached skill level 10 in Dodging
 18692 | Orc:1    | Entered Level 1 of the Orcish Mines
 19061 | Orc:1    | Received a gift from Okawaru
 19121 | Orc:1    | Noticed a stone giant
 19151 | Orc:1    | Noticed Fannar
 19394 | Orc:1    | Reached skill level 1 in Long Blades
 19470 | Orc:1    | Killed a stone giant
 19510 | Orc:1    | Paralysed by an orc sorcerer for 7 turns
 19893 | Orc:1    | Killed Fannar
 20515 | Orc:1    | Paralysed by an orc sorcerer for 5 turns
 20812 | D:11     | Reached XP level 13. HP: 94/94 MP: 13/13
 21231 | D:11     | Reached ****** piety under Okawaru
 21251 | D:11     | Received a gift from Okawaru
 21800 | D:11     | Reached skill level 5 in Armour
 23433 | D:12     | Reached skill level 14 in Stealth
 23553 | D:12     | Received a gift from Okawaru
 24934 | Orc:2    | Entered Level 2 of the Orcish Mines
 24934 | Orc:2    | Noticed an ettin
 25288 | Orc:1    | Killed an ettin
 25530 | Orc:2    | Reached skill level 15 in Stealth
 25580 | Orc:2    | Found a staircase to the Elven Halls.
 25632 | Orc:2    | Received a gift from Okawaru
 25951 | Elf:1    | Entered Level 1 of the Elven Halls
 25969 | Orc:2    | 4 elfs + arme dancante
 26066 | Orc:1    | Noticed an orc warlord
 26068 | Orc:1    | Noticed Gastronok
 26670 | Spider:1 | Entered Level 1 of the Spider Nest
 27538 | Spider:1 | Reached skill level 16 in Stealth
 27687 | Spider:1 | Noticed a ghost moth
 27925 | Lair:4   | Reached skill level 5 in Long Blades
 28682 | Lair:4   | Reached XP level 14. HP: 85/103 MP: 14/14
 30618 | Lair:5   | Noticed Rupert
 30679 | Lair:5   | Killed Rupert
 31077 | Lair:6   | Entered Level 6 of the Lair of Beasts
 31508 | Lair:5   | Received a gift from Okawaru
 33003 | Lair:6   | Reached skill level 17 in Stealth
 33645 | Spider:1 | Got a spiked chain mail
 33673 | Lair:3   | Identified the +0 chain mail "Eruol" {MR++ Str-2 Dex+2}
                  | (You found it on level 1 of the Spider Nest)
 35354 | Spider:1 | Reached skill level 10 in Throwing
 35480 | Spider:1 | Reached XP level 15. HP: 101/110 MP: 15/15
 35818 | Lair:6   | Received a gift from Okawaru
 35819 | Lair:6   | Got a bloodstained buckler {god gift}
 35851 | Lair:6   | Identified the +0 buckler of the Fifty Continents {rN++}
                  | (Okawaru gifted it to you on level 6 of the Lair of Beasts)
 36060 | Lair:6   | Found a viscous altar of Jiyva.
 36060 | Lair:6   | Found a staircase to the Slime Pits.
 36286 | Lair:6   | Reached skill level 1 in Invocations
 39199 | Spider:1 | Killed a ghost moth
 39524 | Spider:1 | You fall through a shaft!
 41473 | Spider:2 | Received a gift from Okawaru
 41544 | Spider:2 | Noticed Louise
 43976 | D:13     | Noticed Erolcha
 44062 | D:13     | Reached skill level 10 in Long Blades
 44395 | D:13     | Killed Erolcha
 47223 | D:14     | Received a gift from Okawaru
 47223 | D:14     | Reached XP level 16. HP: 117/117 MP: 18/18
 47472 | D:14     | Noticed Snorg
 47928 | D:14     | Killed Snorg
 48277 | D:14     | Found a gate to the Vaults.
 51640 | Orc:2    | Found Ymal's Antique Weapon Shoppe.
 51679 | Orc:2    | Found Suqoid's Gadget Emporium.
 51737 | Orc:2    | Found an ancient bone altar of Kikubaaqudgha.
 52214 | Orc:2    | Found a radiant altar of Vehumet.
 52247 | Orc:2    | Found a roughly hewn altar of Beogh.
 52247 | Orc:2    | Found Angoumas's Distillery.
 52268 | Orc:2    | Found Jyppaoss's Antique Armour Emporium.
 52301 | Orc:2    | Bought 2 potions of heal wounds for 130 gold pieces
 52301 | Orc:2    | Bought a potion of agility for 52 gold pieces
 52301 | Orc:2    | Bought a potion of invisibility for 104 gold pieces
 52301 | Orc:2    | Bought a potion of cancellation for 104 gold pieces
 52301 | Orc:2    | Bought a potion of haste for 130 gold pieces
 52314 | Orc:2    | Bought a spiked leather armour for 182 gold pieces
 52324 | Orc:2    | Identified the +1 leather armour "Riaz Meo" {rElec} (You
                  | bought it in a shop on level 2 of the Orcish Mines)
 52329 | Orc:2    | Bought the +4 moon troll leather armour {Spirit, Regen++
                  | MP+5} for 1417 gold pieces
 52329 | Orc:2    | Found the +4 moon troll leather armour {Spirit, Regen++
                  | MP+5}
 52380 | Orc:2    | Bought a steaming falchion for 144 gold pieces
 52380 | Orc:2    | Identified the +1 falchion of Xeurast {slice, rC+} (You
                  | bought it in a shop on level 2 of the Orcish Mines)
 52851 | Spider:2 | Received a gift from Okawaru
 52858 | Spider:2 | Got a steaming quick blade {god gift}
 52859 | Spider:2 | Identified the +6 quick blade of Wisdom {pierce, rElec}
                  | (Okawaru gifted it to you on level 2 of the Spider Nest)
 53596 | Spider:3 | Reached skill level 10 in Shields
 53683 | Spider:3 | Identified the Grimoire of Toxic Cold
 53724 | Spider:4 | Entered Level 4 of the Spider Nest
 54525 | Spider:3 | Received a gift from Okawaru
 54571 | Spider:4 | Noticed Arachne
 55789 | Orc:2    | Found a roughly hewn altar of Beogh.
 56172 | Spider:4 | Received a gift from Okawaru
 56509 | Spider:4 | Reached XP level 17. HP: 110/122 MP: 19/19
 56609 | Spider:4 | Noticed Agnes
 56733 | Spider:4 | Killed Agnes
 56962 | Spider:3 | Received a gift from Okawaru
 57148 | Spider:4 | Killed Arachne
 58150 | Spider:3 | Received a gift from Okawaru
 58346 | Spider:4 | Received a gift from Okawaru
 58369 | Spider:4 | Got a gossamer rune of Zot
 58722 | Shoals:1 | Found Bigilich's Distillery.
 58730 | Shoals:1 | Bought a potion of curing for 48 gold pieces
 58730 | Shoals:1 | Bought a potion of curing for 48 gold pieces
 59901 | Shoals:2 | Received a gift from Okawaru
 60139 | Shoals:2 | Received a gift from Okawaru
 60143 | Shoals:2 | Got a faintly glowing helmet {god gift}
 60154 | Shoals:2 | Identified the +1 helmet of Vucai {Str+4} (Okawaru gifted
                  | it to you on level 2 of the Shoals)
 60691 | Vaults:1 | Entered Level 1 of the Vaults
 61252 | Vaults:1 | Reached XP level 18. HP: 45/129 MP: 3/21
 61364 | Vaults:1 | Got a crude large shield
 61375 | Vaults:1 | Identified the cursed +0 large shield of the Moon {Int+2}
                  | (You found it on level 1 of the Vaults)
 61880 | Vaults:1 | Received a gift from Okawaru
 62114 | Vaults:1 | Received a gift from Okawaru
 62423 | Vaults:1 | Received a gift from Okawaru
 62423 | Vaults:1 | Reached skill level 15 in Shields
 62458 | Vaults:1 | Found an ornate altar of the Wu Jian Council.
 62906 | Vaults:2 | Noticed Asterion
 63540 | Vaults:2 | Reached skill level 10 in Fighting
 63585 | Vaults:2 | Received a gift from Okawaru
 63701 | Vaults:2 | Killed Asterion
 64219 | Vaults:2 | Received a gift from Okawaru
 64240 | Vaults:2 | Got a pair of dazzling gloves {god gift}
 64251 | Vaults:2 | Identified the +2 pair of gloves of the Townfolk {+Fly
                  | rPois Regen+ Int-2} (Okawaru gifted it to you on level 2 of
                  | the Vaults)
 64578 | Vaults:3 | Got a translucent hand axe
 65137 | Vaults:3 | Paralysed by a hornet for 3 turns
 65270 | Vaults:3 | Noticed a tentacled monstrosity
 65286 | Vaults:3 | Killed a tentacled monstrosity
 65366 | Vaults:3 | Reached XP level 19. HP: 146/146 MP: 22/22
 65534 | Vaults:3 | Noticed Useang's ghost (adept GrFi)
 65698 | Vaults:3 | Found a staircase to the Crypt.
 65705 | Crypt:1  | Entered Level 1 of the Crypt
 65900 | Crypt:3  | Entered Level 3 of the Crypt
 66499 | Crypt:1  | Received a gift from Okawaru
 66785 | Crypt:1  | Reached skill level 18 in Stealth
 66898 | Crypt:1  | Received a gift from Okawaru
 67039 | Crypt:1  | Paralysed by a vampire knight for 4 turns
 67563 | Crypt:2  | Received a gift from Okawaru
 67563 | Crypt:2  | Reached skill level 19 in Stealth
 67903 | Crypt:2  | Found a basalt altar of Yredelemnul.
 68255 | Crypt:2  | Reached skill level 20 in Stealth
 69142 | Vaults:3 | Reached skill level 21 in Stealth
 69640 | Vaults:3 | Identified the Guide on the Displaced Glacier
 69658 | Vaults:3 | Received a gift from Okawaru
 69773 | Vaults:3 | Reached XP level 20. HP: 111/153 MP: 15/23
 70131 | Vaults:3 | Received a gift from Okawaru
 70136 | Vaults:3 | Reached skill level 22 in Stealth
 70251 | Vaults:3 | Found a runed gate.
 70251 | Vaults:3 | Found a runed gate.
 70251 | Vaults:3 | Found a runed gate.
 70767 | Crypt:2  | Received a gift from Okawaru
 71636 | Crypt:3  | Reached skill level 23 in Stealth
 71895 | Crypt:3  | Identified the cursed +1 hand axe "Tufi" {venom, rC+ Int+5}
                  | (You found it on level 3 of the Vaults)
 71997 | Crypt:3  | Found a staircase to the Tomb.
 72005 | Tomb:1   | Entered Level 1 of the Tomb of the Ancients
 72087 | Tomb:1   | Noticed a greater mummy
 72092 | Tomb:1   | Noticed Khufu
 72386 | Crypt:3  | Reached skill level 24 in Stealth
 72465 | Crypt:3  | Gained mutation: [You are dopey. (Int -2)] [a neqoxec]
 72710 | Crypt:3  | Noticed a bone dragon
 72768 | Crypt:3  | Killed a bone dragon
 72899 | Crypt:3  | Found an ancient bone altar of Kikubaaqudgha.
 72904 | Crypt:3  | Noticed a curse toe
 73078 | Crypt:3  | Received a gift from Okawaru
 73079 | Crypt:3  | Got a spiked scale mail {god gift}
 73478 | Lair:1   | Identified the +1 scale mail "Xuacw" {-Cast rN++ Slay+6
                  | SInv} (Okawaru gifted it to you on level 3 of the Crypt)
 73943 | Shoals:2 | Reached skill level 25 in Stealth
 74719 | Shoals:3 | Noticed Polyphemus
 74767 | Shoals:2 | Killed Polyphemus
 75734 | Shoals:3 | Got a heavily runed animal skin
 75794 | Shoals:4 | Entered Level 4 of the Shoals
 75794 | Shoals:4 | Noticed Nikola
 75810 | Shoals:4 | Killed Nikola
 75810 | Shoals:4 | Reached skill level 26 in Stealth
 75846 | Shoals:4 | Reached XP level 21. HP: 159/159 MP: 24/24
 76569 | Shoals:4 | Reached skill level 27 in Stealth
 76684 | Lair:2   | Identified the cursed +2 animal skin of Kitum {rC+ rCorr}
                  | (You found it on level 3 of the Shoals)
 77535 | Shoals:4 | Got a barnacled rune of Zot
 77618 | Shoals:4 | Noticed Ilsuiw
 77922 | Shoals:4 | Killed Ilsuiw
 78753 | Vaults:4 | Found Ighoreatt's Magic Scroll Boutique.
 78850 | Vaults:4 | Received a gift from Okawaru
 79240 | Vaults:4 | Paralysed by an ogre mage for 4 turns
 79673 | Vaults:4 | Received a gift from Okawaru
 80698 | Tomb:1   | Killed a greater mummy
 80716 | Tomb:1   | Killed Khufu
 80833 | Tomb:1   | Paralysed by a sphinx for 7 turns
 80862 | Tomb:1   | Paralysed by a sphinx for 4 turns
 81089 | Tomb:1   | Received a gift from Okawaru
 81358 | Tomb:1   | Reached XP level 22. HP: 143/165 MP: 25/25
 81569 | Tomb:1   | Noticed a greater mummy
 81593 | Tomb:1   | Killed a greater mummy
 81643 | Tomb:1   | Noticed a greater mummy
 81716 | Tomb:1   | Killed a greater mummy
 82173 | Tomb:1   | Noticed a greater mummy
 82320 | Tomb:1   | Killed a greater mummy
 82920 | Crypt:3  | Killed a curse toe
 82920 | Crypt:3  | Received a gift from Okawaru
 82952 | Crypt:3  | Found a basalt altar of Yredelemnul.
 83342 | Vaults:5 | Entered Level 5 of the Vaults
 84082 | Vaults:5 | Noticed an ancient lich
 84151 | Vaults:5 | Received a gift from Okawaru
 84398 | Vaults:5 | Received a gift from Okawaru
 84541 | Vaults:5 | Killed an ancient lich
 84595 | Vaults:5 | Got a translucent iron ring
 84884 | Vaults:5 | Received a gift from Okawaru
 84884 | Vaults:5 | Reached skill level 15 in Dodging
 84888 | Vaults:5 | Identified the ring of the Several Souls {Fire +Inv MR+
                  | Int-4} (You took it off a tengu reaver on level 5 of the
                  | Vaults)
 84891 | Vaults:5 | Got a polished falchion {god gift}
 84892 | Vaults:5 | Identified the +1 falchion of Unreason {slice, rN+ Int+2}
                  | (Okawaru gifted it to you on level 5 of the Vaults)
 84952 | Vaults:5 | Identified the Volume of Congealing Ignition
 85065 | Vaults:5 | Reached XP level 23. HP: 141/171 MP: 26/26
 85157 | Vaults:5 | Got an encrusted falchion
 85158 | Vaults:5 | Identified the cursed +1 falchion "Ydeo" {freeze, rElec
                  | rPois rN+} (You found it on level 5 of the Vaults)
 85260 | Vaults:5 | Got a slimy rapier {flame}
 85426 | Vaults:5 | Reached skill level 10 in Armour
 85502 | Vaults:5 | Received a gift from Okawaru
 85503 | Vaults:5 | Got a smoking scale mail {god gift}
 85702 | Vaults:5 | Identified the cursed +0 rapier "Ufuatz" {flame, rN++
                  | Int-2} (You took it off a yaktaur captain on level 5 of the
                  | Vaults)
 85713 | Vaults:5 | Identified the +0 scale mail "Kiestruoll" {Str+9 Dex+3}
                  | (Okawaru gifted it to you on level 5 of the Vaults)
 85812 | Vaults:5 | Got a silver rune of Zot
 86101 | Vaults:5 | Identified the Reference Book on Mutagenic Intoxication
 86914 | Vaults:5 | Identified the Collected Works on Glacial Intoxication
 87289 | Vaults:5 | Identified a scroll of acquirement
 87416 | Vaults:4 | Bought a scroll of enchant weapon for 135 gold pieces
 87646 | Vaults:2 | Received a gift from Okawaru
 87847 | Vaults:1 | Reached skill level 5 in Invocations
 88224 | D:8      | Bought a scroll of enchant weapon for 120 gold pieces
 88278 | D:6      | Killed Harpaggios's ghost
 88501 | Shoals:1 | Bought a potion of heal wounds for 80 gold pieces
 88782 | Orc:1    | Received a gift from Okawaru
 88804 | Orc:1    | Killed Gastronok
 88925 | Orc:1    | Found Rep Were's Armour Emporium.
 89172 | Elf:1    | Got a slimy falchion
 89406 | Elf:1    | Reached skill level 5 in Evocations
 89881 | Elf:2    | Identified the +6 falchion "Qotic" {freeze, MR+} (You found
                  | it on level 1 of the Elven Halls)
 89923 | Elf:2    | Found a portal to a secret trove of treasure.
 89947 | Elf:2    | Found a frozen archway.
 89975 | IceCv    | Entered an ice cave
 90221 | IceCv    | Reached XP level 24. HP: 154/182 MP: 27/27
 90682 | Elf:2    | Found a runed gate.
 90682 | Elf:2    | Found a runed gate.
 90682 | Elf:2    | Found a runed gate.
 91769 | Elf:3    | Entered Level 3 of the Elven Halls
 91854 | Elf:3    | Found Ypsymoik's Assorted Antiques.
 91893 | Elf:3    | Bought a scroll of blinking for 300 gold pieces
 91893 | Elf:3    | Bought a bloodstained leather armour for 280 gold pieces
 91894 | Elf:3    | Identified the +2 leather armour "Torong" {Str+5} (You
                  | bought it in a shop on level 3 of the Elven Halls)
 92055 | Elf:3    | Found a bloodstained altar of Trog.
 92245 | Elf:3    | Got an encrusted ring mail
 92246 | Elf:3    | Identified the +3 ring mail of Iwapliuh {MR- Int+3 SInv}
                  | (You found it on level 3 of the Elven Halls)
 92475 | Elf:3    | Found Ittalicw's Jewellery Shop.
 92476 | Elf:3    | Found Kusac's Gadget Shoppe.
 92476 | Elf:3    | Found Barearr's Gadget Shoppe.
 92496 | Elf:3    | Bought the ring of Tissit {rCorr rElec rF- Str+3 Stlth+}
                  | for 469 gold pieces
 92496 | Elf:3    | Bought a cursed ring of teleportation for 58 gold pieces
 92496 | Elf:3    | Bought the ring "Oqid" {+Fly rElec rF+ MR+} for 625 gold
                  | pieces
 92631 | Elf:3    | Received a gift from Okawaru
 93030 | Elf:3    | Received a gift from Okawaru
 93548 | Elf:3    | Got a faintly glowing trident {flame}
 93549 | Elf:3    | Identified the +3 trident of Qoamn {flame, +Blink rF+} (You
                  | took it off a deep elf elementalist on level 3 of the Elven
                  | Halls)
 93556 | Elf:3    | Got fine swamp dragon scales
 93567 | Elf:3    | Identified the cursed +0 swamp dragon scales "Ucvyoc"
                  | {*Drain +Fly rPois Str+4 Int+3} (You found it on level 3 of
                  | the Elven Halls)
 93599 | Elf:3    | Got a dazzling spear {drain}
 93600 | Elf:3    | Identified the +2 spear of Bodily Harmony {drain, *Corrode
                  | rC+++ SInv} (You took it off a deep elf demonologist on
                  | level 3 of the Elven Halls)
 94975 | D:15     | Entered Level 15 of the Dungeon
 94983 | D:15     | Found a staircase to the Depths.
 95299 | D:15     | Noticed Oliagre's ghost (journeyman HaHu)
 95300 | D:15     | Found a transporter.
 95307 | D:15     | Found a transporter.
 95792 | D:15     | Killed Oliagre's ghost
 95824 | D:15     | Got a scorched great mace {freeze}
 95844 | D:15     | Got a glittering bronze ring
 95861 | D:15     | Identified the ring "Erahasti" {Str+3 Int+3} (You found it
                  | on level 15 of the Dungeon)
 95903 | Depths:1 | Entered Level 1 of the Depths
 95903 | Depths:1 | Found a gateway to Hell.
 95909 | Depths:1 | Found Kiula Qod's Assorted Antiques.
 96011 | Depths:1 | Found Ewnaycli's Armour Emporium.
 96080 | Depths:1 | Bought a +2 pair of boots of stealth for 430 gold pieces
 96100 | Depths:1 | Found Ceusmas's Demolitions Depot.
 96154 | Depths:1 | Received a gift from Okawaru
 96187 | Depths:1 | Bought a scroll of immolation for 77 gold pieces
 96274 | Depths:1 | Received a gift from Okawaru
 96280 | Depths:1 | Reached skill level 15 in Armour
 96305 | Depths:1 | Reached skill level 1 in Maces & Flails
 96317 | Depths:1 | Reached XP level 25. HP: 164/188 MP: 27/27
 96452 | Depths:1 | Received a gift from Okawaru
 96477 | Depths:1 | Found a one-way gate to the infinite horrors of the Abyss.
 96614 | Depths:1 | Got a faintly humming ring mail
 96615 | Depths:1 | Identified the +9 great mace of the Penguin {freeze, rF+
                  | Str+4 Dex+4} (You took it off a frost giant on level 15 of
                  | the Dungeon)
 96617 | Depths:1 | Identified the cursed +1 ring mail "Yfras" {rElec rN+++
                  | Slay-4 Stlth+} (You found it on level 1 of the Depths)
 97253 | Tomb:2   | Noticed a greater mummy
 97258 | Tomb:2   | Noticed a greater mummy
 97263 | Tomb:2   | Noticed a greater mummy
 97285 | Tomb:2   | Killed a greater mummy
 97294 | Tomb:2   | Killed a greater mummy
 97295 | Tomb:2   | Killed a greater mummy
 97295 | Tomb:2   | Received a gift from Okawaru
 97578 | Tomb:2   | Noticed a greater mummy
 97851 | Tomb:2   | Received a gift from Okawaru
 98082 | Tomb:2   | Killed a greater mummy
 98140 | Tomb:2   | Received a gift from Okawaru
 98149 | Tomb:2   | Got a translucent quarterstaff {god gift}
 98642 | Tomb:1   | Noticed a greater mummy
 98654 | Tomb:1   | Noticed a greater mummy
 98656 | Tomb:1   | Killed a greater mummy
 98669 | Tomb:1   | Killed a greater mummy
 98702 | Tomb:1   | Noticed a greater mummy
 98755 | Tomb:1   | Killed a greater mummy
 98760 | Tomb:1   | Noticed a greater mummy
 98776 | Tomb:1   | Killed a greater mummy
 99060 | Tomb:1   | Noticed a greater mummy
 99060 | Tomb:1   | Noticed a greater mummy
 99062 | Tomb:1   | Noticed a greater mummy
 99063 | Tomb:1   | Noticed a greater mummy
 99543 | Tomb:1   | Killed a greater mummy
100025 | Depths:2 | Noticed a juggernaut
100059 | Depths:2 | Killed a juggernaut
100196 | Depths:2 | Received a gift from Okawaru
100202 | Depths:2 | Got a warped dagger {god gift}
100203 | Depths:2 | Identified the +8 dagger of Outrage {distort, +Rage Str+8
                  | Dex+3} (Okawaru gifted it to you on level 2 of the Depths)
100204 | Depths:2 | Cast into level 4 of the Abyss (a distortion unwield)
100249 | Depths:2 | Escaped the Abyss
100835 | Tomb:1   | Killed a greater mummy
100836 | Tomb:1   | Noticed a greater mummy
100868 | Tomb:1   | Killed a greater mummy
101126 | Tomb:1   | Killed a greater mummy
101187 | Tomb:1   | Noticed a greater mummy
101417 | Tomb:1   | Killed a greater mummy
101417 | Tomb:1   | Received a gift from Okawaru
101709 | Tomb:1   | Noticed a greater mummy
101723 | Tomb:1   | Killed a greater mummy
102269 | Tomb:1   | Killed a greater mummy
102280 | Tomb:1   | Noticed a greater mummy
102302 | Tomb:1   | Killed a greater mummy
102341 | Tomb:1   | Noticed a greater mummy
102799 | Tomb:1   | Noticed a greater mummy
102826 | Tomb:1   | Killed a greater mummy
102860 | Tomb:1   | Killed a greater mummy
102860 | Tomb:1   | Reached XP level 26. HP: 162/195 MP: 27/27
103132 | Tomb:1   | Noticed a greater mummy
103786 | Depths:2 | Got a steaming chain mail
103787 | Depths:2 | Identified the +4 chain mail "Vagusonu" {MR- Int+5 Dex+9}
                  | (You found it on level 2 of the Depths)
104211 | Depths:2 | Received a gift from Okawaru
104217 | Depths:2 | Found Cearph's Distillery.
104219 | Depths:2 | Found Jumoucio's Armour Shop.
104255 | Depths:2 | Found Cohu's Gadget Boutique.
104259 | Depths:2 | Bought a potion of heal wounds for 100 gold pieces
104259 | Depths:2 | Bought 2 potions of curing for 120 gold pieces
104259 | Depths:2 | Bought a potion of curing for 60 gold pieces
104259 | Depths:2 | Bought a potion of curing for 60 gold pieces
104259 | Depths:2 | Bought a potion of curing for 60 gold pieces
104259 | Depths:2 | Bought a potion of heal wounds for 100 gold pieces
104259 | Depths:2 | Bought a potion of heal wounds for 100 gold pieces
104987 | Tomb:1   | Killed a greater mummy
105495 | Tomb:3   | Entered Level 3 of the Tomb of the Ancients
105506 | Tomb:3   | Found the +9 staff of Olgreb {rPois}
105511 | Tomb:3   | Found the amulet of Vitality {Regen+ HP+15}
106784 | Orc:1    | Bought the +8 orange crystal plate armour {Archmagi, Int+3
                  | Clar} for 2456 gold pieces
106784 | Orc:1    | Found the +8 orange crystal plate armour {Archmagi, Int+3
                  | Clar}
107037 | Slime:1  | Entered Level 1 of the Pits of Slime
107040 | Slime:1  | Received a gift from Okawaru
107041 | Slime:1  | Gained mutation: Your spells are a little easier to cast,
                  | but a little less powerful. [a shining eye]
108980 | Slime:2  | Gained mutation: [You are frail. (-10% HP)] [a shining eye]
109055 | Slime:3  | Received a gift from Okawaru
109443 | Slime:5  | Entered Level 5 of the Pits of Slime
109656 | Slime:3  | Gained mutation: [You are very frail. (-20% HP)] [a shining
                  | eye]
109658 | Slime:3  | Gained mutation: Your spells are easier to cast, but less
                  | powerful. [a shining eye]
109660 | Slime:3  | Gained mutation: [You are weak. (Str -2)] [a shining eye]
109816 | Lair:4   | Lost mutation: [You are dopey. (Int -2)] [potion of
                  | mutation]
109816 | Lair:4   | Lost mutation: [You are weak. (Str -2)] [potion of
                  | mutation]
109816 | Lair:4   | Lost mutation: [You are very frail. (-20% HP)] [potion of
                  | mutation]
109816 | Lair:4   | Gained mutation: You are surrounded by a mild repulsion
                  | field. (EV +2) [potion of mutation]
110116 | Slime:3  | Gained mutation: You are clumsy. (Dex -2) [a shining eye]
110119 | Slime:2  | Gained mutation: Your flesh is heat resistant. (rF+) [a
                  | shining eye]
110187 | Slime:2  | Received a gift from Okawaru
111694 | Depths:2 | Received a gift from Okawaru
111702 | Depths:2 | Got a fine pewter ring
111709 | Depths:2 | Identified the ring "Calaa" {rCorr +Inv rPois rF- Int+6}
                  | (You took it off a boggart on level 2 of the Depths)
112308 | Slime:4  | Received a gift from Okawaru
112927 | Slime:5  | Received a gift from Okawaru
113501 | Slime:5  | Noticed the Royal Jelly
114431 | Lair:1   | Fell from the grace of Okawaru
114431 | Lair:1   | Became a worshipper of Makhleb the Destroyer
115042 | Depths:3 | Found Nauschiu's General Store.
115224 | Depths:3 | Bought a potion of curing for 63 gold pieces
115224 | Depths:3 | Bought a potion of curing for 63 gold pieces
115467 | Depths:3 | Noticed Saint Roka
115488 | Depths:3 | Killed Saint Roka
115600 | Depths:3 | Reached XP level 27. HP: 156/182 MP: 27/27
115621 | Depths:3 | Found a one-way gate leading to the halls of Pandemonium.
115624 | Depths:3 | Reached * piety under Makhleb
115792 | Depths:3 | Noticed a juggernaut
115815 | Depths:3 | Killed a juggernaut
115953 | Depths:3 | Reached ** piety under Makhleb
116406 | Depths:4 | Reached skill level 15 in Fighting
116455 | Depths:4 | Found a corrupted altar of Lugonu.
116975 | Depths:4 | Voluntarily entered the Abyss.
117186 | Abyss:2  | Found a snail-covered altar of Cheibriados.
117208 | Abyss:2  | Found a corrupted altar of Lugonu.
117352 | Abyss:3  | Found a basalt altar of Yredelemnul.
117393 | Abyss:3  | Reached *** piety under Makhleb
117683 | Abyss:4  | Found a blossoming altar of Fedhas.
117800 | Abyss:4  | Reached **** piety under Makhleb
118024 | Abyss:4  | Found a corrupted altar of Lugonu.
118264 | Abyss:5  | Entered Level 5 of the Abyss
118553 | Abyss:5  | Reached ***** piety under Makhleb
118757 | Abyss:5  | Noticed an ancient lich
118807 | Abyss:5  | Killed an ancient lich
119121 | Abyss:5  | Found a corrupted altar of Lugonu.
119241 | Abyss:5  | Got a translucent scimitar
119367 | Abyss:5  | Was forgiven by Okawaru
119449 | Abyss:5  | Reached ****** piety under Makhleb
119679 | Abyss:5  | Gained mutation: You occasionally shout uncontrollably at
                  | your foes. [a neqoxec]
120234 | Abyss:5  | Paralysed by accursed screaming for 2 turns
120241 | Abyss:5  | Paralysed by accursed screaming for 2 turns
120248 | Abyss:5  | Paralysed by accursed screaming for 2 turns
120249 | Abyss:5  | Slain by a large abomination

Skill      XL: |  1  2  3  4  5  6  7  8  9 10 11 12 13 14 15 16 17 18 19 20 21 22 23 24 25 26 27 |
---------------+----------------------------------------------------------------------------------+-----
Fighting       | 3 5 6 7 8 11 12 13 20 | 20.6
Stealth        | 1 2 3 6 8 10 12 13 16 17 21 26 27 | 27.0
Armour         | 3 4 5 6 7 8 9 10 15 | 15.0
Shields        | 3 5 6 7 10 13 15 17 18 20 22 25 | 25.0
Short Blades   | 3 4 6 7 8 11 13 14 | 14.0
Dodging        | 1 2 3 4 5 7 10 12 15 | 15.0
Throwing       | 1 2 4 5 6 10 11 | 11.0
Evocations     | 1 3 6 |  6.0
Long Blades    | 2 5 10 13 14 | 14.1
Invocations    | 3 4 6 |  6.0
Maces & Flails | 1 |  1.3
Axes           | |  0.1

Action                   |  1- 3 |  4- 6 |  7- 9 | 10-12 | 13-15 | 16-18 | 19-21 | 22-24 | 25-27 || total
-------------------------+-------+-------+-------+-------+-------+-------+-------+-------+-------++-------
Melee: Rapier            |   183 |   173 |   160 |       |       |       |       |       |       ||   516
       Bite              |    21 |    27 |    54 |   131 |   513 |   530 |   614 |   455 |  1182 ||  3527
       Dagger            |       |       |   117 |   853 |  2350 |   149 |   108 |    95 |   595 ||  4267
       Short sword       |       |       |   127 |    42 |       |       |       |       |       ||   169
       Trident           |       |       |    26 |   134 |       |       |       |       |       ||   160
       Unarmed           |       |       |       |     1 |     4 |       |       |       |       ||     5
       Scimitar          |       |       |       |       |   163 |   424 |       |       |       ||   587
       Double sword      |       |       |       |       |       |  1669 |  2092 |  1654 |  3636 ||  9051
       Falchion          |       |       |       |       |       |       |       |    41 |       ||    41
 Fire: Blowgun           |       |    23 |    34 |   186 |   270 |   201 |     3 |       |       ||   717
       Hunting sling     |       |       |     9 |    38 |   166 |       |       |       |       ||   213
Throw: Stone             |       |       |    26 |       |       |       |       |       |       ||    26
       Tomahawk          |       |       |       |    44 |   158 |   113 |       |       |       ||   315
       Javelin           |       |       |       |       |    22 |   100 |   391 |   278 |    61 ||   852
       Throwing net      |       |       |       |       |       |     3 |     9 |     5 |       ||    17
Invok: Heroism           |       |       |       |     4 |     2 |     7 |     2 |     4 |     3 ||    22
       Finesse           |       |       |       |     2 |       |     6 |     6 |     4 |     3 ||    21
 Abil: End Transformatio |       |     3 |     6 |    36 |    52 |    32 |       |     3 |    12 ||   144
       Bat Form          |       |     3 |     6 |    36 |    52 |    32 |       |     3 |    12 ||   144
       Evoke Flight      |       |       |       |       |       |       |    41 |     1 |     4 ||    46
       Stop Flying       |       |       |       |       |       |       |    10 |       |       ||    10
Evoke: Wand              |       |       |       |     2 |     7 |       |       |       |       ||     9
  Use: Potion            |     1 |     3 |     6 |    19 |    46 |    30 |    19 |    12 |    29 ||   165
       Scroll            |       |     4 |    12 |     9 |    15 |    10 |     7 |    38 |    14 ||   109
 Stab: Sleeping          |       |     1 |    20 |    23 |    51 |    32 |    61 |    71 |    50 ||   309
       Distracted        |       |       |     2 |     5 |     9 |     9 |    14 |    13 |    22 ||    74
       Paralysed         |       |       |       |       |     2 |       |       |       |       ||     2
       Held in net/web   |       |       |       |       |       |     1 |    12 |     4 |       ||    17
       Petrified         |       |       |       |       |       |       |       |       |     2 ||     2
       Confused          |       |       |       |       |       |       |       |       |     1 ||     1
  Eat: Corpse            |    11 |       |     1 |       |       |       |    25 |     2 |     1 ||    40
Armor: Scale mail        |    69 |       |       |       |       |       |       |       |       ||    69
       Ring mail         |    11 |    55 |   117 |    14 |       |       |       |       |       ||   197
       Troll leather arm |       |       |       |   125 |   230 |   479 |   332 |    14 |       ||  1180
       Steam dragon scal |       |       |       |       |    12 |       |       |       |       ||    12
       Chain mail        |       |       |       |       |     2 |    12 |       |       |       ||    14
       Quicksilver drago |       |       |       |       |       |       |       |   154 |       ||   154
       Shadow dragon sca |       |       |       |       |       |       |       |   173 |   996 ||  1169
       Crystal plate arm |       |       |       |       |       |       |       |       |   321 ||   321
Dodge: Dodged            |    98 |   111 |   155 |   464 |  1728 |  1808 |  1149 |   834 |  1920 ||  8267
Block: Shield            |     3 |       |       |       |       |   628 |  1328 |  1198 |  4487 ||  7644
       Buckler           |       |       |    78 |   163 |   503 |   407 |       |       |       ||  1151
       Large shield      |       |       |       |       |       |     3 |       |       |       ||     3
       Reflection        |       |       |       |       |       |       |    58 |    66 |    97 ||   221
       Rpst.: Scimitar   |       |       |       |       |    26 |    77 |       |       |       ||   103
       Double sword      |       |       |       |       |       |   204 |   229 |   161 |   385 ||   979
       Falchion          |       |       |       |       |       |       |       |     6 |       ||     6
